 Dungeon Crawl Stone Soup version 0.24-a0-584-g9d6b971ae4 (webtiles) character file.

Game seed: 17141946048810535174, levelgen mode: deterministic

6 Mithandil the Skirmisher (level 1, 0/18 HPs)
             Began as a Demonspawn Abyssal Knight on Sept 6, 2019.
             Was an Initiate of Lugonu.
             Slain by a gnoll
             ... wielding a +1 spear of flaming
              (1 damage)
             ... on level 1 of the Dungeon.
             The game lasted 00:01:42 (119 turns).

Mithandil the Skirmisher (Demonspawn Abyssal Knight) Turns: 119, Time: 00:01:43

Health: 0/18       AC:  3    Str: 12    XL:     1   Next: 75%
Magic:  2/2        EV: 11    Int: 13    God:    Lugonu [......]
Gold:   0          SH:  0    Dex: 12    Spells: 0/0 levels left

rFire    . . .     SeeInvis .   a - +1 falchion
rCold    + . .     Gourm    .   (no shield)
rNeg     . . .     Faith    .   b - +0 leather armour
rPois    .         Spirit   .   (no helmet)
rElec    .         Reflect  .   (no cloak)
rCorr    .         Harm     .   (no gloves)
MR       .....                  (no boots)
Stlth    +.........             (no amulet)
HPRegen  0.06/turn              e - ring of protection from cold
MPRegen  0.08/turn              (no ring)

@: no status effects
A: no striking features
a: Renounce Religion


You were on level 1 of the Dungeon.
You worshipped Lugonu.
Lugonu was noncommittal.
You were not hungry.

You visited 1 branch of the dungeon, and saw 1 of its levels.
You visited the Abyss 1 time.

Inventory:

Hand Weapons
 a - a +1 falchion (weapon)
Missiles
 f - 14 poisoned darts (quivered)
Armour
 b - a +0 leather armour (worn)
 g - the +3 leather armour "Ridwez" {+Blink rElec Dex+2, unknown}
   (You found it on level 2 of the Abyss)

   It affects your dexterity (+2).
   It insulates you from electricity.
   It lets you blink.
Jewellery
 e - a ring of protection from cold (left hand)
Scrolls
 d - a scroll of identify {unknown}
Miscellaneous
 h - a lightning rod (4/4)
Comestibles
 c - a ration


   Skills:
 * Level 3.1 Fighting
 * Level 1.9 Long Blades
 + Level 1.8 Armour
 + Level 1.0 Dodging
 + Level 0.1 Stealth
 + Level 2.5 Invocations


You couldn't memorise any spells.
You didn't know any spells.
Your spell library was empty.

Dungeon Overview and Level Annotations

Branches:
Dungeon (1/15)

Altars:


Message History

You kill the rat!
Lugonu accepts your kill. The goblin barely misses you.
You riposte.
You barely miss the goblin.
The goblin is moderately wounded.
You hit the goblin.
You kill the goblin!
Lugonu accepts your kill. The rat bites you but does no damage.
The gnoll barely misses you.
Things that are here:
a +0 dagger; a kobold corpse You hit the gnoll but do no damage.
The rat barely misses you.
You riposte.
You hit the rat.
You kill the rat!
Lugonu accepts your kill. The gnoll closely misses you.
You riposte.
You hit the gnoll but do no damage. You completely miss the gnoll.
The gnoll hits you with a +1 spear of flaming.
* * * LOW HITPOINT WARNING * * *
The gnoll burns you.
You die...

## .. .## ..##
###...#
#########)....##
..$...#.g@#....#
........###.#..##
#####.#.#####...#
..........##....##
##....#.#.rg.....#
...##.....####r..##
.. ...(....
##.<..#..# .
#######...#g.....#
#.#.#......#


You could see a gnoll.

Vanquished Creatures
  2 goblins (D:1)
  2 kobolds (D:1)
  2 rats (D:1)
6 creatures vanquished.

Notes
Turn   | Place    | Note
-------+----------+-------------------------------------------
     0 | Abyss:1  | Mithandil the Demonspawn Abyssal Knight began the quest for
                  | the Orb.
     0 | Abyss:1  | Reached XP level 1. HP: 18/18 MP: 2/2
    37 | Abyss:2  | Found a corrupted altar of Lugonu.
    70 | Abyss:2  | Got a distressingly furry leather armour
    78 | Abyss:2  | Noticed a small abomination
    79 | D:1      | Escaped the Abyss
   114 | D:1      | Reached skill level 1 in Dodging
   119 | D:1      | Slain by a gnoll

Levels and vault maps discovered:
D:1:      dpeg_arrival_long_road, layout_rooms

Skill      XL: |  1 |
---------------+----+-----
Dodging        | 1 |  1.0
Fighting       | |  3.1
Long Blades    | |  1.9
Armour         | |  1.8
Stealth        | |  0.1
Invocations    | |  2.5

Action                   || total
-------------------------++-------
Melee: Falchion          ||    20
Invok: Depart the Abyss  ||     1
Armor: Leather armour    ||     9
Dodge: Dodged            ||    19
       Rpst.: Falchion   ||     7

Table legend:
 A = Non-vault XP
 B = Vault XP
 C = Vault XP percentage of total XP
 D = Non-vault monster count
 E = Vault monster count
 F = Vault count percentage of total count
                 A         B        C        D         E       F
            +---------+---------+-------+---------+---------+-------
      Total |       9 |       0 |   0.0 |       6 |       0 |   0.0
            +---------+---------+-------+---------+---------+-------
        D:1 |       9 |       0 |   0.0 |       6 |       0 |   0.0
            +---------+---------+-------+---------+---------+-------
